 Dungeon Crawl Stone Soup version 0.28.0-53-g5a82cb258f (webtiles) character file.

Game seed: 6764862862504206071

42 kudzoo the Skirmisher (level 3, -7/30 HPs)
             Began as a Demonspawn Abyssal Knight on July 31, 2022.
             Was a Follower of Lugonu.
             Mangled by Terence
             ... wielding a +0 mace
              (8 damage)
             ... on level 2 of the Dungeon.
             The game lasted 00:13:19 (1019 turns).

kudzoo the Skirmisher (Demonspawn Abyssal Knight)   Turns: 1019, Time: 00:13:19

Health: -7/30      AC:  3    Str: 15    XL:     3   Next: 35%
Magic:  4/4        EV: 11    Int: 11    God:    Lugonu [*.....]
Gold:   71         SH:  0    Dex: 13    Spells: 2/2 levels left

rFire   . . .      SeeInvis .   a - +1 hand axe
rCold   . . .      Faith    +   (no shield)
rNeg    . . .      Spirit   .   b - +0 leather armour
rPois   .          Reflect  .   (no helmet)
rElec   .          Harm     .   (no cloak)
rCorr   .          Rampage  .   (no gloves)
Will    .....                   (no boots)
Stlth   +.........              i - amulet of faith
HPRegen 0.10/turn               (no ring)
MPRegen 0.09/turn               (no ring)

@: mighty
A: powered by pain 1
a: Renounce Religion, Depart the Abyss


You were on level 2 of the Dungeon.
You worshipped Lugonu.
Lugonu was aware of your devotion.
You visited 1 branch of the dungeon, and saw 2 of its levels.
You visited the Abyss 1 time.

You collected 71 gold pieces.

Inventory:

Hand Weapons
 a - a +1 hand axe (weapon)
 k - a +0 hunting sling
Missiles
 e - 20 sling bullets
 g - 24 stones (quivered)
Armour
 b - a +0 leather armour (worn)
 o - a +0 scale mail
Jewellery
 i - an amulet of faith (around neck)
Scrolls
 c - a scroll of teleportation {unknown}
 d - 5 scrolls of enchant weapon {unknown}
 f - a scroll of magic mapping {unknown}
 l - a scroll of enchant armour {unknown}
 n - 2 scrolls of identify {unknown}
Potions
 j - 2 potions of degeneration {unknown}
 m - a potion of lignification {unknown}


   Skills:
 + Level 3.9 Fighting
 + Level 2.3 Axes
 + Level 1.9 Armour
 + Level 1.0 Dodging
 + Level 2.4 Invocations


You had 2 spell levels left.
You didn't know any spells.
Your spell library contained the following spells:

 Spells                   Type           Power      Damage    Failure   Level
 Conjure Flame            Conj/Fire      0%         6-21      78%         3
 Ignite Poison            Fire/Tmut/Pois 0%         N/A       78%         3
 Sticky Flame             Conj/Fire      0%         2d3       99%         4


Dungeon Overview and Level Annotations

Branches:
Dungeon (2/15)

Altars:

Shops:
D:1 (

Annotations:
D:2 Terence


Innate Abilities, Weirdness & Mutations

You sometimes gain a little power by taking damage.


Message History

Terence looks more healthy.
Terence hits you with a +0 mace.
You hit Terence but do no damage.
Terence is moderately wounded.
Terence closely misses you. Terence hits you with a +0 mace!
You barely miss Terence.
Terence is moderately wounded.
Terence shouts, "DIE!!!"
Terence hits you but does no damage.
You hit Terence but do no damage.
Terence is moderately wounded.
Terence hits you but does no damage.
You hit Terence but do no damage.
Terence is moderately wounded.
Terence hits you with a +0 mace.
You closely miss Terence.
Terence is moderately wounded.
Terence misses you.
You hit Terence but do no damage.
Terence is moderately wounded.
Terence barely misses you.
Terence screams, "I'm going to kill you!"
Terence hits you with a +0 mace!
* * * LOW HITPOINT WARNING * * *
You focus on the pain.
You feel very mighty all of a sudden.
You barely miss Terence.
Terence is moderately wounded.
Terence asks, "Do you want it fast or slow?"
Terence barely misses you.
You hit Terence.
Terence is moderately wounded.
Terence hits you with a +0 mace.
* * * LOW HITPOINT WARNING * * *
You hit Terence.
Terence is heavily wounded.
Terence hits you but does no damage.
You slash Terence!
Terence is almost dead.
Terence hits you with a +0 mace!
You die...

....).#..........#
.....##..........#
....# #...<......#
..#####.(........#
.........).......#
.......#..(.....##
.......##....(.r#
.......########@##
.......# #.@#
.......# ##.#
.......# #.#
.......# #.#
..<....#########.#
####..........P..#
#......≈≈.P...#
#...P.[≈≈.....#
......≈≈≈≈.P....#


You could see Terence and a quokka.

Vanquished Creatures
  3 dart slugs (D:1)
  4 bats (D:1)
  4 endoplasms (D:1)
  2 giant cockroaches (D:1)
  2 goblins (D:1)
  4 hobgoblins
  2 jackals (D:1)
  2 kobolds (D:1)
  5 ball pythons (D:1)
  A frilled lizard (D:1)
  4 rats (D:1)
33 creatures vanquished.

Notes
Turn   | Place    | Note
-------+----------+-------------------------------------------
     0 | Abyss:1  | kudzoo the Demonspawn Abyssal Knight began the quest for
                  | the Orb.
     0 | Abyss:1  | Reached XP level 1. HP: 18/18 MP: 2/2
     4 | D:1      | Escaped the Abyss
    68 | D:1      | Reached * piety under Lugonu
    86 | D:2      | Noticed Terence
   177 | D:1      | Gained mutation: You sometimes gain a little power by
                  | taking damage. [demonic ancestry]
   177 | D:1      | Reached XP level 2. HP: 15/24 MP: 3/3
   685 | D:1      | Reached skill level 1 in Dodging
   692 | D:1      | Reached XP level 3. HP: 25/30 MP: 4/4
   820 | D:1      | Found Ehomuf's Antique Weapon Shoppe.
  1017 | D:2      | HP: 1/30 [Terence/+0 mace (4)]
  1019 | D:2      | Mangled by Terence

Illustrated notes

Levels and vault maps discovered:
D:1:      nicolae_arrival_memento_mori, layout_basic, serial_shops,
          nicolae_shop_stone, minmay_tromino_i4
D:2:      layout_rooms, guppyfry_early_lair_pool, uniq_crazy_yiuf_cottage,
          uniq_terence, uniq_natasha

Skill      XL: |  1  2 |
---------------+-------+-----
Axes           | 2 |  2.3
Dodging        | 1 |  1.0
Fighting       | |  3.9
Armour         | |  1.9
Invocations    | |  2.4

Action                   || total
-------------------------++-------
Melee: Hand axe          ||   113
       Punch             ||     1
Throw: Dart              ||     4
       Stone             ||     1
Invok: Depart the Abyss  ||     1
Armor: Leather armour    ||    34
Dodge: Dodged            ||    66
